TOP OF THE 1ST |
Sacramento River Cats batting - Pitching for Indianapolis Indians : RHP Mario Medrano
|
Pitching: RHP Mario Medrano
|
|
Batting: SHB Danny Garcia
|
0-0: Ground out U3 (Groundball, 3S, EV 78.8 MPH)
|
Batting: LHB Josh Straub
|
0-0: Fly out, F7 (Flyball, 7LM, EV 74.4 MPH)
|
Batting: LHB Willie Ceniceros
|
0-0: Called Strike 0-1: Fly out, F9 (Line Drive, 9LM, EV 101.2 MPH)
|
Top of the 1st over - 0 runs, 0 hits, 0 errors, 0 left on base; Sacramento 0 - Indianapolis 0 |
BOTTOM OF THE 1ST |
Indianapolis Indians batting - Pitching for Sacramento River Cats : RHP Roberto Duron
|
Pitching: RHP Roberto Duron
|
|
Batting: RHB David Contreras
|
0-0: Called Strike 0-1: Swinging Strike 0-2: Foul Ball, location: 2F 0-2: Ball 1-2: Strikes out swinging
|
Batting: RHB Caleb Russell
|
0-0: Called Strike 0-1: SINGLE (Line Drive, 7LS, EV 106.9 MPH)
|
Batting: RHB Mike Cochran
|
0-0: Ball Caleb Russell steals 2nd base 1-0: Ball 2-0: SINGLE (Groundball, 4MD, EV 94.4 MPH) Caleb Russell to third Runner from 3rd tries for Home, SAFE, throw by CF to home Mike Cochran to second
|
Batting: LHB Pat Sutton
|
0-0: Ball 1-0: Foul Ball, location: 2F 1-1: 2-RUN HOME RUN (Flyball, 9D, EV 97.5 MPH), Distance : 360 ft
|
Batting: SHB Ben Myers
|
0-0: Ball 1-0: Ball 2-0: Ball 3-0: Called Strike 3-1: Base on Balls
|
Batting: RHB Bubba Tierney
|
0-0: Ball 1-0: Foul Ball, location: 2F 1-1: Ball 2-1: Foul Ball, location: 2F 2-2: Foul Ball, location: 2F 2-2: Grounds into double play, 4-6-3 (Groundball, 4M, EV 101.9 MPH)
|
Bottom of the 1st over - 3 runs, 3 hits, 0 errors, 0 left on base; Sacramento 0 - Indianapolis 3 |
TOP OF THE 2ND |
Sacramento River Cats batting - Pitching for Indianapolis Indians : RHP Mario Medrano
|
Batting: LHB Nate Conley
|
0-0: Ball 1-0: Ball 2-0: Called Strike 2-1: SOLO HOME RUN (Flyball, 9LD, EV 95.6 MPH), Distance : 344 ft
|
Batting: LHB Juan Gonzalez
|
0-0: Ball 1-0: Ball 2-0: Ball 3-0: Base on Balls
|
Batting: LHB Nick Swank
|
0-0: Swinging Strike 0-1: Foul Ball, location: 2F 0-2: Ground out 6-3 (Groundball, 6M, EV 108.8 MPH) Juan Gonzalez to second
|
Batting: SHB Jason Spradling
|
0-0: Ball 1-0: Called Strike 1-1: Ball 2-1: Swinging Strike 2-2: Fly out, F8 (Flyball, 78M, EV 96.9 MPH)
|
Batting: RHB Hugo Zacarias
|
0-0: Foul Ball, location: 2F 0-1: SINGLE (Groundball, 34D, EV 107.5 MPH) Juan Gonzalez to third
|
Batting: RHB Martin Guerrero
|
0-0: Ball 1-0: Called Strike 1-1: Fly out, F7 (Flyball, 7S, EV 95.6 MPH)
|
Top of the 2nd over - 1 run, 2 hits, 0 errors, 2 left on base; Sacramento 1 - Indianapolis 3 |
BOTTOM OF THE 2ND |
Indianapolis Indians batting - Pitching for Sacramento River Cats : RHP Roberto Duron
|
Batting: LHB Marc Carter
|
0-0: Called Strike 0-1: Ball 1-1: Swinging Strike 1-2: Strikes out swinging
|
Batting: RHB Slamet Pamungkas
|
0-0: Called Strike 0-1: Foul Ball, location: 2F 0-2: Strikes out swinging
|
Batting: RHB Ramon Morales
|
0-0: Ball 1-0: Ground out 6-3 (Groundball, 6D, EV 106.9 MPH)
|
Bottom of the 2nd over - 0 runs, 0 hits, 0 errors, 0 left on base; Sacramento 1 - Indianapolis 3 |
TOP OF THE 3RD |
Sacramento River Cats batting - Pitching for Indianapolis Indians : RHP Mario Medrano
|
Batting: SHB Danny Garcia
|
0-0: Called Strike 0-1: Ball 1-1: Ground out 6-3 (Groundball, 6M, EV 101.2 MPH)
|
Batting: LHB Josh Straub
|
0-0: Called Strike 0-1: Ball 1-1: Foul Ball, location: 2F 1-2: Fly out, F6 (Popup, 6MS, EV 71.9 MPH)
|
Batting: LHB Willie Ceniceros
|
0-0: SOLO HOME RUN (Flyball, 89XD, EV 98.8 MPH), Distance : 380 ft
|
Batting: LHB Nate Conley
|
0-0: Ball 1-0: Ball 2-0: Foul Ball, location: 2F 2-1: Foul Ball, location: 2F 2-2: SINGLE (Flyball, 56D, EV 93.8 MPH)
|
Batting: LHB Juan Gonzalez
|
0-0: Ball 1-0: Ball Wild Pitch! Nate Conley to second 2-0: Called Strike 2-1: Foul Ball, location: 2F 2-2: Strikes out swinging
|
Top of the 3rd over - 1 run, 2 hits, 0 errors, 1 left on base; Sacramento 2 - Indianapolis 3 |
BOTTOM OF THE 3RD |
Indianapolis Indians batting - Pitching for Sacramento River Cats : RHP Roberto Duron
|
Batting: RHB David Contreras
|
0-0: Swinging Strike 0-1: Bunt missed! 0-2: Ball 1-2: Foul Ball, location: 2F 1-2: Foul Ball, location: 2F 1-2: Ball 2-2: Ground out 4-3 (Groundball, 4, EV 84.4 MPH)
|
Batting: RHB Caleb Russell
|
0-0: Ball 1-0: Swinging Strike 1-1: SINGLE (Groundball, 56D, EV 94.4 MPH)
|
Batting: RHB Mike Cochran
|
0-0: Ball Caleb Russell steals 2nd base (no throw) 1-0: Ball 2-0: Ball 3-0: Called Strike 3-1: Ground out 5-3 (Groundball, 56S, EV 91.2 MPH)
|
Batting: LHB Pat Sutton
|
0-0: DOUBLE (Line Drive, 9LM, EV 113.8 MPH) Caleb Russell scores
|
Batting: SHB Ben Myers
|
0-0: Ball 1-0: Foul Ball, location: 2F 1-1: Ball 2-1: Foul Ball, location: 2F 2-2: Ground out U3 (Groundball, 13, EV 85.0 MPH)
|
Bottom of the 3rd over - 1 run, 2 hits, 0 errors, 1 left on base; Sacramento 2 - Indianapolis 4 |
TOP OF THE 4TH |
Sacramento River Cats batting - Pitching for Indianapolis Indians : RHP Mario Medrano
|
Batting: LHB Nick Swank
|
0-0: Ball 1-0: Ball 2-0: Foul Ball, location: 2F 2-1: Fly out, F6 (Popup, 56D, EV 61.9 MPH)
|
Batting: SHB Jason Spradling
|
0-0: Swinging Strike 0-1: Fly out, F8 (Flyball, 8RD, EV 101.2 MPH)
|
Batting: RHB Hugo Zacarias
|
0-0: SINGLE (Groundball, 6M, EV 100.0 MPH) (infield hit)
|
Batting: RHB Martin Guerrero
|
0-0: Called Strike 0-1: Ball 1-1: Ball Hugo Zacarias steals 2nd base 2-1: Ball 3-1: 2-RUN HOME RUN (Line Drive, 7D, EV 98.8 MPH), Distance : 404 ft
|
Batting: SHB Danny Garcia
|
0-0: Called Strike 0-1: Swinging Strike 0-2: Fly out, F8 (Flyball, 8RD, EV 84.4 MPH)
|
Top of the 4th over - 2 runs, 2 hits, 0 errors, 0 left on base; Sacramento 4 - Indianapolis 4 |
BOTTOM OF THE 4TH |
Indianapolis Indians batting - Pitching for Sacramento River Cats : RHP Roberto Duron
|
Batting: RHB Bubba Tierney
|
0-0: Ground out 6-3 (Groundball, 6, EV 103.8 MPH)
|
Batting: LHB Marc Carter
|
0-0: Fly out, F9 (Flyball, 9LM, EV 98.1 MPH)
|
Batting: RHB Slamet Pamungkas
|
0-0: Called Strike 0-1: Ball 1-1: Ground out 4-3 (Groundball, 34, EV 106.9 MPH)
|
Bottom of the 4th over - 0 runs, 0 hits, 0 errors, 0 left on base; Sacramento 4 - Indianapolis 4 |
TOP OF THE 5TH |
Sacramento River Cats batting - Pitching for Indianapolis Indians : RHP Mario Medrano
|
Batting: LHB Josh Straub
|
0-0: Foul Ball, location: 2F 0-1: Ball 1-1: Ground out 4-3 (Groundball, 34D, EV 105.6 MPH)
|
Batting: LHB Willie Ceniceros
|
0-0: Ball 1-0: Ball 2-0: Foul Ball, location: 2F 2-1: Fly out, F7 (Flyball, 7LM, EV 90.6 MPH)
|
Batting: LHB Nate Conley
|
0-0: Swinging Strike 0-1: Ball 1-1: Swinging Strike 1-2: Ball 2-2: Strikes out looking
|
Top of the 5th over - 0 runs, 0 hits, 0 errors, 0 left on base; Sacramento 4 - Indianapolis 4 |
BOTTOM OF THE 5TH |
Indianapolis Indians batting - Pitching for Sacramento River Cats : RHP Roberto Duron
|
Batting: RHB Ramon Morales
|
0-0: Ball 1-0: Ball 2-0: Ball 3-0: Base on Balls
|
Batting: RHB David Contreras
|
0-0: Ball 1-0: Swinging Strike 1-1: Ground out 3-1 (Groundball, 13, EV 88.1 MPH) Ramon Morales to second
|
Batting: RHB Caleb Russell
|
0-0: Ball 1-0: Foul Ball, location: 2F 1-1: Swinging Strike 1-2: Foul Ball, location: 2F 1-2: Foul Ball, location: 2F 1-2: Foul Ball, location: 2F 1-2: Ball 2-2: Foul Ball, location: 2F 2-2: Foul Ball, location: 2F 2-2: Ground out 5-3 (Groundball, 56, EV 96.9 MPH)
|
Batting: RHB Mike Cochran
|
0-0: Fly out, F4 (Popup, 4, EV 50.0 MPH)
|
Bottom of the 5th over - 0 runs, 0 hits, 0 errors, 1 left on base; Sacramento 4 - Indianapolis 4 |
TOP OF THE 6TH |
Sacramento River Cats batting - Pitching for Indianapolis Indians : RHP Mario Medrano
|
Batting: LHB Juan Gonzalez
|
0-0: Ball 1-0: SOLO HOME RUN (Flyball, 89XD, EV 94.4 MPH) (Inside the Park)
|
Pitching: RHP Dennis Pitocco
|
|
Batting: LHB Nick Swank
|
0-0: Ground out 5-3 (Groundball, 56, EV 76.9 MPH)
|
Batting: SHB Jason Spradling
|
0-0: Foul Ball, location: 2F 0-1: Called Strike 0-2: Ball 1-2: Foul Ball, location: 2F 1-2: Ball 2-2: Ball 3-2: Base on Balls
|
Batting: RHB Hugo Zacarias
|
0-0: Called Strike 0-1: Grounds into double play, 4-6-3 (Groundball, 4M, EV 77.5 MPH)
|
Top of the 6th over - 1 run, 1 hit, 0 errors, 0 left on base; Sacramento 5 - Indianapolis 4 |
BOTTOM OF THE 6TH |
Indianapolis Indians batting - Pitching for Sacramento River Cats : RHP Roberto Duron
|
Batting: LHB Pat Sutton
|
0-0: Called Strike 0-1: Swinging Strike 0-2: Fly out, F8 (Flyball, 78D, EV 93.8 MPH)
|
Batting: SHB Ben Myers
|
0-0: Ball 1-0: Foul Ball, location: 2F 1-1: Ball 2-1: Swinging Strike 2-2: Ground out 5-3 (Groundball, 5, EV 88.8 MPH)
|
Batting: RHB Bubba Tierney
|
0-0: Ball 1-0: Called Strike 1-1: Ball 2-1: Ball 3-1: Fly out, F7 (Flyball, 78D, EV 101.2 MPH)
|
Bottom of the 6th over - 0 runs, 0 hits, 0 errors, 0 left on base; Sacramento 5 - Indianapolis 4 |
TOP OF THE 7TH |
Sacramento River Cats batting - Pitching for Indianapolis Indians : RHP Dennis Pitocco
|
Batting: RHB Martin Guerrero
|
0-0: Ground out 5-3 (Groundball, 5S, EV 88.1 MPH)
|
Batting: SHB Danny Garcia
|
0-0: Foul Ball, location: 2F 0-1: Ball 1-1: Ground out 4-3 (Groundball, 4, EV 89.4 MPH)
|
Batting: LHB Josh Straub
|
0-0: Foul Ball, location: 2F 0-1: Called Strike 0-2: Foul Ball, location: 2F 0-2: Ball 1-2: Foul Ball, location: 2F 1-2: SINGLE (Flyball, 78S, EV 92.5 MPH)
|
Batting: LHB Willie Ceniceros
|
0-0: Ball 1-0: Swinging Strike 1-1: Fly out, F8 (Flyball, 89M, EV 90.0 MPH)
|
Top of the 7th over - 0 runs, 1 hit, 0 errors, 1 left on base; Sacramento 5 - Indianapolis 4 |
BOTTOM OF THE 7TH |
Indianapolis Indians batting - Pitching for Sacramento River Cats : RHP Roberto Duron
|
Batting: LHB Marc Carter
|
0-0: Ball 1-0: Ball 2-0: Ball 3-0: Called Strike 3-1: Called Strike 3-2: Base on Balls
|
Pinch Hitting: LHB Jorge Quintana
|
0-0: Sac Bunt to P - play at first, batter OUT! 1-4 Marc Carter to second
|
Batting: RHB Ramon Morales
|
0-0: Foul Ball, location: 2F 0-1: Called Strike 0-2: Strikes out swinging
|
Pitching: RHP Cortez Laris
|
|
Batting: RHB David Contreras
|
0-0: Called Strike 0-1: Called Strike 0-2: Ball 1-2: Ball 2-2: Ball 3-2: Base on Balls
|
Batting: RHB Caleb Russell
|
0-0: Called Strike 0-1: Ball 1-1: Foul Ball, location: 2F 1-2: Foul Ball, location: 2F 1-2: Ball 2-2: Strikes out swinging
|
Bottom of the 7th over - 0 runs, 0 hits, 0 errors, 2 left on base; Sacramento 5 - Indianapolis 4 |
TOP OF THE 8TH |
Sacramento River Cats batting - Pitching for Indianapolis Indians : RHP Dennis Pitocco
|
Now at 2B: David Contreras
|
|
Now at 3B: Kirk Seiffert
|
|
Batting: LHB Nate Conley
|
0-0: Foul Ball, location: 2F 0-1: SINGLE (Flyball, 8RS, EV 87.5 MPH)
|
Batting: LHB Juan Gonzalez
|
0-0: Called Strike 0-1: Swinging Strike 0-2: Ball 1-2: Ball 2-2: SINGLE (Groundball, 34D, EV 105.0 MPH) Nate Conley to second Runner from 2nd tries for 3rd, SAFE, throw by RF made to third
|
Batting: LHB Nick Swank
|
0-0: Ball 1-0: Ball 2-0: Ball 3-0: SINGLE (Flyball, 8RS, EV 86.9 MPH) Nate Conley scores Juan Gonzalez to second
|
Batting: SHB Jason Spradling
|
0-0: Ball 1-0: Called Strike 1-1: Fly out, F7 (Flyball, 7S, EV 91.2 MPH)
|
Batting: RHB Hugo Zacarias
|
0-0: Called Strike 0-1: Called Strike 0-2: Fielders Choice at 2nd, 1-6 (Groundball, 34S, EV 71.9 MPH) Juan Gonzalez to third
|
Batting: RHB Martin Guerrero
|
0-0: Foul Ball, location: 2F 0-1: Foul Ball, location: 2F 0-2: Ball 1-2: Ground out 6-3 (Groundball, 6, EV 95.0 MPH)
|
Top of the 8th over - 1 run, 3 hits, 0 errors, 2 left on base; Sacramento 6 - Indianapolis 4 |
BOTTOM OF THE 8TH |
Indianapolis Indians batting - Pitching for Sacramento River Cats : RHP Cortez Laris
|
Pitching: LHP Adam Ody
|
|
Batting: RHB Mike Cochran
|
0-0: Swinging Strike 0-1: Fly out, F7 (Flyball, 78M, EV 91.9 MPH)
|
Batting: LHB Pat Sutton
|
0-0: Called Strike 0-1: Fly out, F6 (Line Drive, 6, EV 73.8 MPH)
|
Batting: SHB Ben Myers
|
0-0: Called Strike 0-1: Called Strike 0-2: Strikes out looking
|
Bottom of the 8th over - 0 runs, 0 hits, 0 errors, 0 left on base; Sacramento 6 - Indianapolis 4 |
TOP OF THE 9TH |
Sacramento River Cats batting - Pitching for Indianapolis Indians : RHP Dennis Pitocco
|
Pitching: LHP Martin Cotado
|
|
Batting: SHB Danny Garcia
|
0-0: Called Strike 0-1: Ball 1-1: Foul Ball, location: 2F 1-2: Strikes out swinging
|
Batting: LHB Josh Straub
|
0-0: Ball 1-0: Swinging Strike 1-1: Ball 2-1: Foul Ball, location: 2F 2-2: Fly out, F9 (Flyball, 89M, EV 83.1 MPH)
|
Batting: LHB Willie Ceniceros
|
0-0: Called Strike 0-1: Ball 1-1: Ball 2-1: Ball 3-1: Foul Ball, location: 2F 3-2: Strikes out swinging
|
Top of the 9th over - 0 runs, 0 hits, 0 errors, 0 left on base; Sacramento 6 - Indianapolis 4 |
BOTTOM OF THE 9TH |
Indianapolis Indians batting - Pitching for Sacramento River Cats : LHP Adam Ody
|
Pitching: LHP Chris Moris
|
|
Batting: RHB Bubba Tierney
|
0-0: Ball 1-0: Called Strike 1-1: Ball 2-1: Foul Ball, location: 2F 2-2: Ball 3-2: Fly out, F9 (Flyball, 9, EV 90.6 MPH)
|
Batting: LHB Marc Carter
|
0-0: Foul Ball, location: 2F 0-1: Called Strike 0-2: Ball 1-2: Strikes out looking
|
Batting: RHB Kirk Seiffert
|
0-0: Foul Ball, location: 2F 0-1: Ball 1-1: Fly out, F8 (Flyball, 8RD, EV 86.9 MPH)
|
Bottom of the 9th over - 0 runs, 0 hits, 0 errors, 0 left on base; Sacramento 6 - Indianapolis 4 |
|